Map: Prion Terraces

Players

JazBas

  • Race: Protoss Protoss
  • League: Master

Ailee (Azure) - Winner!

  • Race: Terran Terran
  • League: Master

VOD

Have the link to the VOD?

Description

Time

  • Played on: Nov. 15, 2015, 4:28 a.m.
  • Length: 5:48
Show
View Real Time Build Order
Export as new Build Order

JazBas Protoss 

Build Orders:  

Get SALT Encoding   

  12  0:01  Probe (Chrono Boost)  
  13  0:11  Probe (Chrono Boost)  
  14  0:18  Pylon  
  14  0:22  Probe (Chrono Boost)  
  15  0:36  Probe (Chrono Boost)  
  15  0:37  Gateway  
  16  0:47  Probe (Chrono Boost), Assimilator  
  17  0:58  Probe (Chrono Boost), Assimilator  
  18  1:08  Probe (Chrono Boost)  
  19  1:19  Probe (Chrono Boost)  
  19  1:23  Cybernetics Core  
  20  1:29  Probe (Chrono Boost)  
  21  1:44  Pylon  
  21  1:45  Probe (Chrono Boost)  
  22  1:56  Probe (Chrono Boost)  
  22  1:59  Pylon  
  23  2:01  Warp Gate (Chrono Boost)  
  23  2:05  Stargate  
  23  2:09  Stalker  
  25  2:39  Stalker, Pylon  
  27  2:49  Void Ray (Chrono Boost)  
  31  2:57  Gateway  
  31  2:59  Gateway  
  31  3:09  Stalker  
  33  3:31  Gateway, Void Ray (Chrono Boost)  
  37  3:45  Gateway  
  37  3:56  Zealot  
  37  3:57  Zealot x2  
  43  4:11  Void Ray (Chrono Boost)  
  47  4:24  Pylon  
  47  4:25  Pylon  
  47  4:39  Pylon  
  47  4:55  Void Ray (Chrono Boost)  
  49  5:04  Stalker x2  
  53  5:07  Sentry  
  55  5:19  Stalker  
  43  5:39  Stalker  
Show
View Real Time Build Order
Export as new Build Order

Ailee Terran - Winner!

Build Orders: Liberator Opening 

Get SALT Encoding   

  12  0:01  SCV  
  13  0:13  SCV  
  14  0:17  Supply Depot  
  14  0:25  SCV  
  15  0:39  SCV  
  15  0:40  Barracks  
  16  0:51  SCV  
  16  0:53  Refinery  
  17  1:03  SCV  
  18  1:15  SCV  
  19  1:27  Orbital Command  
  19  1:30  Marine  
  20  1:38  Command Center  
  20  1:47  Supply Depot  
  20  1:48  Marine  
  20  1:54  SCV  
  22  2:03  Factory  
  22  2:06  SCV  
  23  2:10  Marine  
  24  2:18  SCV  
  24  2:20  Barracks  
  25  2:28  Marine  
  26  2:30  SCV  
  26  2:33  Refinery  
  27  2:42  SCV  
  28  2:46  Widow Mine  
  28  2:47  Starport  
  30  2:54  Orbital Command  
  30  2:55  SCV  
  30  2:58  Marine  
  32  3:07  SCV  
  32  3:11  Barracks Tech Lab  
  32  3:12  Bunker  
  33  3:17  Barracks Reactor  
  33  3:21  SCV  
  33  3:22  SCV  
  33  3:23  Liberator  
  35  3:34  SCV  
  39  3:41  Barracks Reactor, Marine  
  39  3:43  SCV  
  39  3:45  Supply Depot  
  39  3:46  SCV  
  42  3:50  Widow Mine  
  42  3:55  SCV  
  45  3:58  SCV  
  46  4:06  Marine  
  46  4:07  SCV  
  48  4:10  SCV  
  48  4:11  Supply Depot  
  48  4:13  Engineering Bay  
  49  4:19  Marine x2  
  49  4:21  Liberator  
  49  4:23  SCV  
  52  4:25  Marauder  
  54  4:31  Supply Depot  
  54  4:32  SCV  
  54  4:35  SCV  
  54  4:39  Widow Mine  
  54  4:41  Marine x2  
  54  4:44  SCV  
  62  4:53  Marauder  
  62  4:54  SCV  
  65  5:01  Marine x2  
  65  5:05  SCV, Bunker  
  68  5:10  Supply Depot  
  68  5:20  Marine  
  69  5:25  SCV  
  70  5:28  Marine  
  72  5:39  Barracks Tech Lab  
  73  5:44  Supply Depot  
Tags
 
Add a new tag
Caveats
  • Supply blocks, unpowered buildings, or Contaminate may cause inaccurate times.
  • Supply counts are checked every 10 seconds.